woodfighter, lawful female human Knight #--------- |.% III #....^...| #!.. I I |...<...| # =- #........| #%#[%#%## |.......| [ % ----.---- % ### # #### # # # # u ## # ## ## h ---%-- ### `####^## -.--.--- # |....+#####-------# |......| # |.{..| #......|#####################......>| |.....#####|.....-# |......| |....| |.....| -------- |....| |.....| ------ ------- woodfighter the Sergeant Experience level: 11 Strength: 18/09 Dexterity: 12 Constitution: 15 Intelligence: 8 Wisdom: 15 Charisma: 17 Health: 0(85) Energy: 101(101) Def: 10 Gold: 0 Moves: 9022 Dungeon seed: F7HJtn8TFnV1WfZs Game ID: woodfighter_1510760485 Your Inventory: Amulets W - a blessed amulet of flying (being worn) Weapons a - the blessed rustproof +1 Excalibur (weapon in hand) Armor g - a blessed +1 dwarvish cloak (being worn) n - an uncursed thoroughly rusty +0 helmet (being worn) o - a cursed -1 pair of gauntlets of fumbling t - an uncursed +0 pair of high boots (being worn) v - an uncursed +0 elven mithril-coat (being worn) G - a blessed +0 small shield (being worn) Y - an uncursed +0 pair of leather gloves (being worn) Comestibles d - 6 uncursed apples f - 10 uncursed carrots m - an uncursed sprig of wolfsbane u - 2 uncursed eucalyptus leaves D - 3 uncursed tripe rations E - 8 uncursed food rations F - an uncursed tin of spinach L - 5 uncursed magic beans S - an uncursed pancake U - 3 uncursed fortune cookies X - an uncursed cram ration Z - 2 uncursed lizard corpses Wands Q - a wand of teleportation (0:8) Tools b - an uncursed stethoscope q - a +0 unicorn horn s - an uncursed bag of holding w - an uncursed magic whistle x - an uncursed magic lamp y - an uncursed skeleton key z - an uncursed blindfold T - an uncursed oil lamp (0:1020) Gems r - an uncursed luckstone N - an uncursed flint Contents of the bag of holding: 16692 gold pieces an uncursed [+0] mummy wrapping a [uncursed] scroll of create monster a [uncursed] scroll of enchant weapon 2 [blessed] scrolls of identify 2 [uncursed] scrolls of teleportation a [uncursed] potion of extra healing 2 [uncursed] potions of healing a [uncursed] potion of levitation 2 [uncursed] potions of object detection a [uncursed] potion of see invisible a [uncursed] potion of sickness a [uncursed] potion of water an uncursed [+0] pick-axe Spells and supernatural/magical abilities: Name Level Category Fail Memory W - pray for help -- divine ? -- X - turn undead -- divine ? -- Y - supernatural jump -- ability ? -- Your skills at the end: Miscellaneous Skills shield [Basic] wands [Basic] riding [Basic] Weapon Skills long sword [Skilled] polearms [Basic] Spellcasting Skills Final Attributes: You had sinned. You were sleep resistant. You were poison resistant. You were level-drain resistant. Your writing hand was ok. You were telepathic. You had automatic searching. You could jump. You could fly. You were riding horsey. You were fast. You were lucky. You had extra luck. Bad luck did not time out for you. Good luck did not time out for you. You are dead. Vanquished creatures: a young gray dragon a vampire 2 giant mimics 3 large mimics a hill giant a quantum mechanic 5 small mimics a warhorse a xan an ettin mummy a sasquatch a large dog a shocking sphere a large cat a gargoyle a dwarf king 2 ochre jellies a chameleon a leocrotta a human mummy 2 ettin zombies a giant beetle a panther 2 gremlins 60 leprechauns 2 quivering blobs 2 lizards 4 mountain nymphs a giant spider 2 scorpions a horse a gnome king 2 orc mummies a dwarf mummy a brown pudding 4 Green-elves 2 rust monsters 2 yetis 2 piranhas 2 chickatrices a dog a dingo a housecat a dwarf lord a gray unicorn a black unicorn a dust vortex a gnome mummy 4 Woodland-elves a snake 3 apes 2 human zombies a yellow light an imp a wood nymph 3 Mordor orcs an orc shaman 2 rock moles 6 rock piercers a pony 3 fog clouds a shrieker 14 gnome lords 3 gnomish wizards 2 kobold mummies a red naga hatchling a black naga hatchling a guardian naga hatchling a gray ooze 4 elf zombies 2 ghouls 3 straw golems a paper golem 4 giant ants 2 floating eyes a kitten 15 dwarves 2 kobold shamans 3 iguanas 4 hill orcs a rabid rat 4 jitterbugs 2 giant bats 2 monkeys a dwarf zombie a werejackal 18 killer bees 4 coyotes 7 gas spores 5 hobbits 6 acid blobs a large kobold 4 geckos 2 hobgoblins 6 giant rats 7 cave spiders 3 brown molds 2 yellow molds 4 green molds 2 red molds 61 gnomes 17 garter snakes 3 gnome zombies 12 jackals 4 foxes 3 kobolds 17 newts 2 goblins 10 sewer rats 8 grid bugs 5 bats 5 lichens 5 kobold zombies 459 creatures vanquished. Voluntary challenges: You did not cause conflict. You did not have reflection. You were not displaced. You had been an atheist until turn 2890. You used a wielded weapon 611 times, starting on turn 8. You did not use sinks. You read items or engraved 3 times, starting on turn 2707. You never genocided any monsters. You never polymorphed an object. You never changed form. You cheated 1 time but completed Sokoban on turn 4764. You used no wishes. You never split a pudding. You never wrote Elbereth's name. You violated your moral code, losing 18 points of alignment, starting on turn 2910. Dungeon overview: The Dungeons of Doom: levels 1 to 14 Level 1 an altar to Manannan Mac Lir, a fountain a long staircase Level 2 (sting in shop) a general store Level 3 a fountain stairs to The Gnomish Mines Level 4 a general store, a fountain Level 5 ( ) Level 6 some fountains Level 7 some fountains Level 8 (vault) an altar to Lugh, a sink stairs to Sokoban Level 9 Level 10 some fountains Level 11 a fountain Level 12 some fountains Level 13 <- You were here a fountain Level 14 (vault) The Gnomish Mines: levels 4 to 12 Level 4 stairs to The Dungeons of Doom Level 5 Level 6 many shops, a temple to Manannan Mac Lir, a magic chest, some fountains Level 7 Level 8 Level 9 Level 10 Level 11 Level 12 a magic chest, some fountains Sokoban: levels 4 to 7 Level 4 a magic chest Level 5 Level 6 a fountain Level 7 an altar to Brigit, a magic chest stairs to The Dungeons of Doom History has recorded: On T:1 you entered the Dungeons of Doom to retrieve the Amulet of Yendor! On T:226 you reached level 2 of The Dungeons of Doom. On T:461 you reached level 3 of The Dungeons of Doom. On T:850 you reached level 1 of The Gnomish Mines. On T:951 you advanced to experience level 2. On T:1165 you reached level 4 of The Dungeons of Doom. On T:1189 you reached level 5 of The Dungeons of Doom. On T:1889 you reached level 6 of The Dungeons of Doom. On T:1930 you advanced to experience level 3. On T:2124 you reached level 7 of The Dungeons of Doom. On T:2139 you advanced to experience level 4. On T:2403 you reached level 8 of The Dungeons of Doom. On T:2418 you advanced to experience level 5. On T:2672 you reached level 9 of The Dungeons of Doom. On T:2744 you reached level 4 of Sokoban. On T:2772 you advanced to experience level 6. On T:3167 you opened a magic chest. On T:3461 you reached level 3 of Sokoban. On T:3893 you reached level 2 of Sokoban. On T:4146 you reached level 1 of Sokoban. On T:4225 you advanced to experience level 7. On T:4764 you entered the Sokoban zoo. On T:5331 you reached level 2 of The Gnomish Mines. On T:5479 you reached level 3 of The Gnomish Mines. On T:5677 you reached level 4 of The Gnomish Mines. On T:5703 you entered the Minetown temple On T:5741 you advanced to experience level 8. On T:6099 you reached level 5 of The Gnomish Mines. On T:6306 you reached level 6 of The Gnomish Mines. On T:6369 you reached level 7 of The Gnomish Mines. On T:6497 you reached level 8 of The Gnomish Mines. On T:6668 you advanced to experience level 9. On T:6747 you reached level 9 of The Gnomish Mines. On T:6747 you reached the bottom of the Mines. On T:7698 you advanced to experience level 10. On T:8126 you reached level 10 of The Dungeons of Doom. On T:8526 you reached level 11 of The Dungeons of Doom. On T:8619 you reached level 12 of The Dungeons of Doom. On T:8776 you advanced to experience level 11. On T:8893 you reached level 13 of The Dungeons of Doom. On T:8903 you reached level 14 of The Dungeons of Doom. On T:8980 you prayed to Lugh. Score breakdown: Gold: 16692 ( 1669 points) Experience: 11 levels ( 1000 points) Exploration: 14 levels ( 390 points) Discoveries: 37 items ( 1850 points) Variety of kills: 113 monsters ( 2000 points) Major goal: Sokoban/Mines ( 1500 points) Survival: died (score multiplied by 3) Total score: 25227 Latest messages: The Woodland-elf puts on a pair of jungle boots. The killer bee misses. You kill the killer bee! (3x) You see here a killer bee corpse. You kill the killer bee! You see here 2 killer bee corpses. The Woodland-elf wields an elven spear! You see here 2 killer bee corpses. You hack the Woodland-elf! The Woodland-elf thrusts his elven spear at you. The Woodland-elf jabs you! You kill the Woodland-elf! You see here 2 killer bee corpses. You stop searching. (3x) The Woodland-elf wields an elven broadsword! You stop searching. (4x) The Woodland-elf wields an elven broadsword! You stop searching. The ochre jelly engulfs you! Your magic lamp goes out! You are covered in slime! It burns! You slash the ochre jelly! You kill the ochre jelly! You are splashed by something's acid! You die... Final status: Fare thee well woodfighter the Knight, killed by an ochre jelly... You died in The Dungeons of Doom on dungeon level 13 with 25227 points, and 16692 pieces of gold, after 9022 moves. You were level 11 with a maximum of 85 hit points when you died.